 Dungeon Crawl Stone Soup version 0.22.1-1-ga44c0e56f4 (webtiles) character file.

1899 Oyasumi the Charlatan (level 9, -4/66 HPs)
             Began as a Gnoll Artificer on Sept 19, 2018.
             Slain by a two-headed ogre
             ... wielding a +0 dire flail
              (24 damage)
             ... on level 8 of the Dungeon on Sept 20, 2018.
             The game lasted 01:30:44 (10913 turns).

Oyasumi the Charlatan (Gnoll Artificer)            Turns: 10913, Time: 01:30:45

Health: -4/66      AC:  9    Str: 17    XL:     9   Next: 15%
Magic:  23/23      EV: 13    Int: 14    God:
Gold:   234        SH:  0    Dex: 16    Spells: 15/15 levels left

rFire    . . .     SeeInvis +   C - +3 short sword
rCold    . . .     Gourm    .   (no shield)
rNeg     . . .     Faith    .   r - +0 scale mail
rPois    .         Spirit   .   l - +0 helmet
rElec    .         Reflect  .   (no cloak)
rCorr    .         Harm     .   K - +0 pair of gloves
MR       .....                  (no boots)
Stlth    ++........             (no amulet)
HPRegen  0.21/turn              j - ring of magical power
MPRegen  0.18/turn              F - ring of see invisible

@: no status effects
A: distributed training, fangs 1, strong nose
a: no special abilities


You were on level 8 of the Dungeon.
You were not hungry.

You visited 1 branch of the dungeon, and saw 8 of its levels.
You also visited: Sewer.

You collected 234 gold pieces.

Inventory:

Hand Weapons
 b - a -2 hunting sling
 k - a +0 rapier of holy wrath
 B - a +0 halberd
 C - a +3 short sword (weapon)
 I - a +4 vampiric rapier
Missiles
 h - 186 stones
 o - 33 sling bullets
 v - 4 poisoned tomahawks (quivered)
Armour
 l - a +0 helmet (worn)
 r - a +0 scale mail (worn)
 K - a +0 pair of gloves (worn)
Jewellery
 j - a ring of magical power (left hand)
 F - a ring of see invisible (right hand)
 P - an uncursed ring of wizardry {unknown}
Wands
 c - a wand of flame (36)
 d - a wand of enslavement (23)
 e - a wand of random effects (15)
 M - a wand of digging (15)
 O - a wand of iceblast (6)
Scrolls
 g - 3 scrolls of remove curse
 i - a scroll of teleportation
 p - 2 scrolls of fog {unknown}
 q - 3 scrolls of enchant armour
 w - 2 scrolls of blinking {unknown}
 y - a scroll of random uselessness {unknown}
 D - 2 scrolls of identify
 G - a scroll of immolation {unknown}
 H - a scroll of fear
 J - 2 scrolls of magic mapping {unknown}
Potions
 a - a potion of agility {unknown}
 m - a potion of cancellation {unknown}
 n - 2 potions of degeneration {unknown}
 s - 2 potions of curing {unknown}
 t - 2 potions of lignification
 u - a potion of brilliance
 x - a potion of invisibility {unknown}
 z - a potion of flight
 A - a potion of resistance {unknown}
 E - a potion of magic {unknown}
 L - a potion of ambrosia {unknown}
 N - a potion of berserk rage {unknown}
Comestibles
 f - 5 rations


   Skills:
 + Level 4.7 Fighting
 + Level 4.7 Short Blades
 + Level 3.9 Long Blades
 + Level 3.9 Axes
 + Level 3.9 Maces & Flails
 + Level 3.9 Polearms
 + Level 3.9 Staves
 + Level 3.9 Slings
 + Level 3.9 Bows
 + Level 3.9 Crossbows
 + Level 3.9 Throwing
 + Level 3.9 Armour
 + Level 6.1 Dodging
 + Level 4.6 Stealth
 + Level 3.9 Shields
 + Level 3.9 Unarmed Combat
 + Level 3.9 Spellcasting
 + Level 3.2 Conjurations
 + Level 3.2 Hexes
 + Level 3.2 Charms
 + Level 3.2 Summonings
 + Level 3.2 Necromancy
 + Level 3.2 Translocations
 + Level 3.2 Transmutations
 + Level 3.2 Fire Magic
 + Level 3.2 Ice Magic
 + Level 3.2 Air Magic
 + Level 3.2 Earth Magic
 + Level 3.2 Poison Magic
 + Level 4.3 Invocations
 + Level 7.7 Evocations


You had 15 spell levels left.
You didn't know any spells.
Your spell library contained the following spells:

 Spells                   Type           Power        Failure   Level  Hunger
 Animate Skeleton         Necr           N/A          17%         1    None
 Apportation              Tloc           ##....       17%         1    None
 Confusing Touch          Hex            ##....       17%         1    None
 Summon Small Mammal      Summ           ##..         17%         1    None


Dungeon Overview and Level Annotations

Branches:
Dungeon (8/15)
 Temple: D:4-7         Lair: D:8-11

Altars:
Ashenzari
Nemelex Xobeh
Xom

Annotations:
D:4 Edmund, Pikel


Innate Abilities, Weirdness & Mutations

Your experience applies equally to all skills.
You have very sharp teeth.
Your uncanny sense of smell can sniff out nearby items.


Message History

The two-headed ogre is moderately wounded.
The two-headed ogre hits you with a dire flail.
The two-headed ogre misses you.
You hit the two-headed ogre.
The two-headed ogre is moderately wounded.
You hit the two-headed ogre.
You bite the two-headed ogre, but do no damage.
The two-headed ogre is moderately wounded.
The two-headed ogre hits you with a dire flail!
The two-headed ogre misses you.
You hit the two-headed ogre. Your punch misses the two-headed ogre.
You bite the two-headed ogre.
The two-headed ogre is heavily wounded.
The two-headed ogre hits you with a dire flail!
* * * LOW HITPOINT WARNING * * *
The two-headed ogre closely misses you.
There is a stone staircase leading up here.
The two-headed ogre completely misses you.
The two-headed ogre hits you with a giant club!!
You die...

#..#.......#.#...............
#..#.......#.................
#..##.....##.................
#..####.####.......(<........
#...................(........
#...#..(...##.......)...###..
#.......#.............#.# #.#
######..#...#..........(# #..
##...#.@...........###.#
#.#.###O..........(.(.#
###.#.# #.............#.#
#...#.# #..........##.#.#
#.### ##........###....
##.########........###....
####........................#
#......#######.........##.#.#
#.(..### #....>.......#..


You could see a two-headed ogre.

Vanquished Creatures
  Eustachio (D:4)
  Menkaure (D:6)
  A water moccasin (D:5)
  2 slaves
  2 ice beasts
  An ogre (D:8)
  2 centaurs
  A big kobold (D:7)
  2 bullfrogs (D:7)
  A scorpion (D:7)
  A howler monkey (D:4)
  A centaur zombie (D:5)
  A bullfrog zombie (D:8)
  5 hounds
  A centaur skeleton (D:4)
  A jelly (D:6)
  A bullfrog skeleton (D:2)
  2 iguanas
  Natasha (thrice) (D:4)
  4 worker ants
  A hound zombie (D:7)
  4 gnolls
  10 adders
  3 oozes
  An adder skeleton (D:6)
  10 worms
  3 dart slugs
  5 leopard geckos
  4 orcs (D:3)
  5 giant cockroaches
  10 goblins
  7 hobgoblins
  6 jackals
  8 kobolds
  4 quokkas
  6 ball pythons
  14 bats
  6 frilled lizards
  A giant cockroach zombie (D:6)
  A jackal skeleton (D:8)
  A leopard gecko skeleton (D:8)
  8 rats
152 creatures vanquished.

Notes
Turn   | Place    | Note
-------+----------+-------------------------------------------
     0 | D:1      | Oyasumi the Gnoll Artificer began the quest for the Orb.
     0 | D:1      | Reached XP level 1. HP: 17/17 MP: 4/4
   213 | D:1      | Reached XP level 2. HP: 21/23 MP: 6/6
   833 | D:1      | Reached XP level 3. HP: 27/28 MP: 7/7
  1332 | D:1      | Reached skill level 1 in Long Blades
  1332 | D:1      | Reached skill level 1 in Axes
  1332 | D:1      | Reached skill level 1 in Maces & Flails
  1332 | D:1      | Reached skill level 1 in Polearms
  1332 | D:1      | Reached skill level 1 in Staves
  1332 | D:1      | Reached skill level 1 in Slings
  1332 | D:1      | Reached skill level 1 in Bows
  1332 | D:1      | Reached skill level 1 in Crossbows
  1332 | D:1      | Reached skill level 1 in Throwing
  1332 | D:1      | Reached skill level 1 in Armour
  1332 | D:1      | Reached skill level 1 in Shields
  1332 | D:1      | Reached skill level 1 in Unarmed Combat
  1332 | D:1      | Reached skill level 1 in Spellcasting
  1332 | D:1      | Reached skill level 1 in Invocations
  1604 | D:1      | Reached XP level 4. HP: 34/34 MP: 8/8
  2277 | D:2      | Reached skill level 1 in Conjurations
  2277 | D:2      | Reached skill level 1 in Hexes
  2277 | D:2      | Reached skill level 1 in Charms
  2277 | D:2      | Reached skill level 1 in Summonings
  2277 | D:2      | Reached skill level 1 in Necromancy
  2277 | D:2      | Reached skill level 1 in Translocations
  2277 | D:2      | Reached skill level 1 in Transmutations
  2277 | D:2      | Reached skill level 1 in Fire Magic
  2277 | D:2      | Reached skill level 1 in Ice Magic
  2277 | D:2      | Reached skill level 1 in Air Magic
  2277 | D:2      | Reached skill level 1 in Earth Magic
  2277 | D:2      | Reached skill level 1 in Poison Magic
  2277 | D:2      | Reached XP level 5. HP: 24/40 MP: 9/9
  2909 | D:3      | Found a glowing drain.
  2918 | Sewer    | Entered a sewer
  4594 | D:3      | Reached XP level 6. HP: 40/47 MP: 11/11
  5344 | D:3      | Found a faded altar of an unknown god.
  5761 | D:4      | Reached skill level 5 in Dodging
  5956 | D:4      | Noticed Edmund
  6063 | D:4      | Noticed Natasha
  6119 | D:5      | Entered Level 5 of the Dungeon
  6157 | D:5      | Noticed a water moccasin
  6170 | D:5      | Killed a water moccasin
  6170 | D:5      | Reached XP level 7. HP: 36/52 MP: 12/12
  6429 | D:5      | HP: 2/52 [centaur (7)]
  6440 | D:5      | Reached skill level 7 in Evocations
  7580 | D:6      | Noticed Menkaure
  7586 | D:6      | Killed Menkaure
  7586 | D:6      | Reached XP level 8. HP: 60/60 MP: 13/13
  8329 | D:4      | Noticed Pikel
  8398 | D:4      | Noticed Eustachio
  8414 | D:4      | Killed Eustachio
  8726 | D:4      | Killed Natasha
  8795 | D:4      | Noticed Natasha
  8806 | D:4      | Killed Natasha
  9255 | D:4      | Noticed Natasha
  9269 | D:4      | Killed Natasha
  9498 | D:7      | Found a shattered altar of Ashenzari.
  9649 | D:7      | Reached XP level 9. HP: 33/66 MP: 14/14
 10391 | D:8      | Found a shimmering altar of Xom.
 10392 | D:8      | Found a shimmering altar of Xom.
 10392 | D:8      | Found a shimmering altar of Xom.
 10392 | D:8      | Found a shimmering altar of Xom.
 10505 | D:8      | Found a sparkling altar of Nemelex Xobeh.
 10887 | D:8      | Noticed a two-headed ogre
 10913 | D:8      | Slain by a two-headed ogre

Skill      XL: |  1  2  3  4  5  6  7  8  9 |
---------------+----------------------------+-----
Long Blades    | 1 2 3 |  3.9
Axes           | 1 2 3 |  3.9
Maces & Flails | 1 2 3 |  3.9
Polearms       | 1 2 3 |  3.9
Staves         | 1 2 3 |  3.9
Slings         | 1 2 3 |  3.9
Bows           | 1 2 3 |  3.9
Crossbows      | 1 2 3 |  3.9
Throwing       | 1 2 3 |  3.9
Armour         | 1 2 3 |  3.9
Shields        | 1 2 3 |  3.9
Unarmed Combat | 1 2 3 |  3.9
Spellcasting   | 1 2 3 |  3.9
Invocations    | 1 2 3 4 |  4.3
Conjurations   | 1 2 3 |  3.2
Hexes          | 1 2 3 |  3.2
Charms         | 1 2 3 |  3.2
Summonings     | 1 2 3 |  3.2
Necromancy     | 1 2 3 |  3.2
Translocations | 1 2 3 |  3.2
Transmutations | 1 2 3 |  3.2
Fire Magic     | 1 2 3 |  3.2
Ice Magic      | 1 2 3 |  3.2
Air Magic      | 1 2 3 |  3.2
Earth Magic    | 1 2 3 |  3.2
Poison Magic   | 1 2 3 |  3.2
Fighting       | 3 4 |  4.7
Short Blades   | 3 4 |  4.7
Stealth        | 3 4 |  4.6
Dodging        | 5 6 |  6.1
Evocations     | 7 |  7.7

Action                   |  1- 3 |  4- 6 |  7- 9 || total
-------------------------+-------+-------+-------++-------
Melee: Short sword       |    44 |   331 |   354 ||   729
       Bite              |     8 |    36 |    67 ||   111
       Punch             |       |     4 |    12 ||    16
       Flail             |       |    18 |       ||    18
       Halberd           |       |    16 |       ||    16
       Rapier            |       |       |    39 ||    39
 Fire: Hunting sling     |    58 |       |       ||    58
Throw: Stone             |       |    53 |       ||    53
       Tomahawk          |       |     6 |     3 ||     9
Evoke: Wand              |       |       |    14 ||    14
  Use: Scroll            |     1 |    10 |     2 ||    13
       Potion            |       |     1 |     2 ||     3
 Stab: Sleeping          |       |     1 |       ||     1
  Eat: Ration            |     1 |     2 |     4 ||     7
       Chunk             |       |     8 |     3 ||    11
Armor: Leather armour    |    24 |     4 |       ||    28
       Scale mail        |       |   149 |   105 ||   254
Dodge: Dodged            |    59 |   258 |   241 ||   558
